 Dungeon Crawl Stone Soup version 0.19-a0-1803-g97ff39f (webtiles) character file.

228 Naow the Chopper (level 5, 0/48 HPs)
             Began as a Minotaur Berserker on Oct 5, 2016.
             Was a Believer of Trog.
             Slain by an orc wizard
             ... wielding a +1 vampiric dagger
              (6 damage)
             ... on level 3 of the Dungeon.
             The game lasted 00:03:54 (2045 turns).

Naow the Chopper (Minotaur Berserker)               Turns: 2045, Time: 00:03:54

Health: 0/48       AC:  4    Str: 22    XL:     5   Next: 70%
Magic:  4/4        EV: 13    Int:  5    God:    Trog [**....]
Gold:   94         SH:  0    Dex:  9    Spells: 0 memorised, 4 levels left

rFire  . . .     SeeInvis .     a - +0 hand axe
rCold  + . .     Gourm    .     b - +0 animal skin
rNeg   . . .     Faith    .     (no shield)
rPois  +         Spirit   .     (helmet restricted)
rElec  .         Dismiss  .     s - +1 cloak {rPois}
rCorr  .         Reflect  .     (no gloves)
MR     ++...     Harm     .     (no boots)
Stlth  +.........               (no amulet)
                                (no ring)
                                q - ring of protection from cold

@: exhausted, regenerating, slowed, very slow
A: retaliatory headbutt, horns 2
a: Berserk, Trog's Hand, Burn Spellbooks, Renounce Religion


You were on level 3 of the Dungeon.
You worshipped Trog.
Trog was pleased with you.
You were very hungry.

You visited 1 branch of the dungeon, and saw 3 of its levels.

You collected 94 gold pieces.

Inventory:

Hand Weapons
 a - a +0 hand axe (weapon)
Armour
 b - a +0 animal skin (worn)
 s - a +1 cloak of poison resistance (worn)
Jewellery
 q - a ring of protection from cold (left hand)
Wands
 r - a wand of acid (7/15)
Scrolls
 h - a scroll of random uselessness {unknown}
 k - a scroll of teleportation {unknown}
 l - a scroll of identify {unknown}
 n - 2 scrolls of remove curse {unknown}
 o - 2 scrolls of enchant weapon {unknown}
Potions
 d - 3 potions of haste {unknown}
 e - 2 potions of heal wounds {unknown}
 f - 2 potions of degeneration {unknown}
 i - a potion of mutation {unknown}
 j - a potion of curing {unknown}
 m - a potion of lignification {unknown}
Comestibles
 c - a bread ration
 g - 2 meat rations
 p - 8 chunks of flesh


   Skills:
 + Level 5.0 Fighting
 + Level 5.7 Axes
 + Level 2.7 Armour
 + Level 3.4 Dodging
 + Level 1.3 Stealth


You had 4 spell levels left.
You didn't know any spells.

Dungeon Overview and Level Annotations

Branches:
Dungeon (3/15)

Altars:
Dithmenos


Innate Abilities, Weirdness & Mutations

You reflexively headbutt those who attack you in melee.
You have a pair of horns on your head.


Message History

You hear some strange, mumbled words.
Something tries to affect you, but you resist.
You barely miss something. Your headbutt misses something.
You hear some strange, mumbled words.
A puff of flame appears from out of thin air!
The puff of flame hits you!
* * * LOW HITPOINT WARNING * * *
You hit something but do no damage. Something hits you but does no damage.
Something hits you.
* * * LOW HITPOINT WARNING * * *
You miss something. Something hits you.
* * * LOW HITPOINT WARNING * * *
You barely miss something.
An orc wizard appears from thin air!
Reactivating autopickup.
The orc wizard misses you. The orc wizard closely misses you.
Your skin crawls.
You feel resistant to hostile enchantments.
You are feeling very hungry.
The orc wizard hits you with a vampiric dagger.
You die...

##..#.#.#
#..#.#.#####
#..#.#.....#
#..#.#####.# #.#
#.# #.# # #.#
#...####)####
.......o@)..#
#...#.##........
# # .....####
.###..... ..
.....# ## .###.#
.# .#


You could see an orc wizard.

Vanquished Creatures
  Crazy Yiuf (D:2)
  Jessica (D:2)
  2 orc wizards (D:3)
  A gnoll (D:1)
  6 adders
  A worm (D:2)
  A dart slug (D:1)
  2 orcs (D:3)
  2 giant cockroaches
  7 goblins
  5 hobgoblins
  2 quokkas (D:2)
  6 bats
  5 frilled lizards
  8 kobolds
  9 rats
  2 fungi (D:2)
61 creatures vanquished.

Notes
Turn   | Place    | Note
-------+----------+-------------------------------------------
     0 | D:1      | Naow the Minotaur Berserker began the quest for the Orb.
     0 | D:1      | Reached XP level 1. HP: 19/19 MP: 0/0
    66 | D:1      | Reached XP level 2. HP: 24/27 MP: 1/1
   503 | D:1      | Reached XP level 3. HP: 20/33 MP: 2/2
   509 | D:1      | Reached ** piety under Trog
   761 | D:2      | Found a faded altar of an unknown god.
  1504 | D:2      | Reached XP level 4. HP: 32/41 MP: 3/3
  1753 | D:2      | Found a shadowy altar of Dithmenos.
  1763 | D:2      | Noticed Jessica
  1769 | D:2      | Killed Jessica
  1769 | D:2      | Reached skill level 5 in Axes
  1890 | D:2      | Found a runed door.
  1894 | D:2      | Noticed Crazy Yiuf
  1900 | D:2      | Killed Crazy Yiuf
  1900 | D:2      | Reached skill level 1 in Stealth
  1900 | D:2      | Reached XP level 5. HP: 47/47 MP: 4/4
  2031 | D:3      | Reached skill level 5 in Fighting
  2045 | D:3      | Slain by an orc wizard

Vault maps used:
D:1:      dpeg_arrival_rooms_a, st_stairs_13
D:2:      nicolae_dithmenos_through_a_glass_darkly, ecumenical_altar_2,
          corexii_leaking_fountain, minmay_pentomino_t4,
          uniq_crazy_yiuf_cottage, uniq_jessica
D:3:      old_standard_altar, marbit_many_paths, first_bread

Skill      XL: |  1  2  3  4  5 |
---------------+----------------+-----
Axes           | 4 5 |  5.7
Fighting       | 4 5 |  5.0
Dodging        | 3 |  3.4
Stealth        | 1 |  1.3
Armour         | |  2.7

Action                   |  1- 3 |  4- 6 || total
-------------------------+-------+-------++-------
Melee: Hand axe          |    70 |    78 ||   148
       Headbutt          |     4 |    14 ||    18
Invok: Berserk           |     2 |     2 ||     4
       Trog's Hand       |       |     2 ||     2
 Stab: Sleeping          |     2 |     1 ||     3
  Eat: Chunk             |     3 |     4 ||     7
Armor: Animal skin       |    11 |     5 ||    16
Dodge: Dodged            |    55 |    37 ||    92
